Unix NetHack Version 5.0.0-0 post-release - last build Jun 10 2026 00:39:30 (3ee93aec679c4c4259841fe613dc97188e26a321,branch:main).

Game began 2026-06-13 12:48:02, ended 2026-06-13 14:41:14.

LDaviesPeters, neutral female human Archeologist

                                                       ----
                                                      --<.|
                                                      |.)@|
                                                      --"G-




                                                            ....
                                                           ......
                                                           ....*.
                                                           ......
                                                            .....
                                                             ....
                                                              ...

LDaviesPeters the Field Worker  St:13 Dx:10 Co:13 In:16 Wi:16 Ch:11  Neutral
Dlvl:3  $:20 HP:0(35) Pw:30(30) AC:7  Xp:5 T:4757 

Latest messages:
 The gnome lord hits!
 You are beginning to feel hungry.
 You kill the gnome!
 The arrow hits the gnome lord.
 You lash the gnome lord.
 You lash the gnome lord.
 The gnome lord hits!
 You kill the gnome lord!
 You see here a dagger.
 F - a dagger.
 You see here 2 gnome corpses.
 There are 2 gnome corpses here; eat one? [ynq] (n) y
 Blecch!  Rotten food!
 Everything suddenly goes dark.
 You are hit.
 You finish eating the gnome corpse.
 You try to feel what is lying here on the floor.
 There is a dwarf corpse here; eat it? [ynq] (n) y
 This dwarf corpse is stringy.
 It misses!
 You stop eating the dwarf corpse.
 You kill it!
 You try to feel what is lying here on the floor.
 You try to feel what is lying here on the floor.
 There is a partly eaten dwarf corpse here; eat it? [ynq] (n) y
 You resume your meal.
 It bites!
 You stop eating the dwarf corpse.
 You lash it.
 It bites!
 You kill it!
 It hits!
 You can see again.
 You kill the gnome!
 The gnome picks up a bow.
 You lash the gnome.
 The gnome hits!
 You kill the gnome!
 There is a partly eaten dwarf corpse here; eat it? [ynq] (n) y
 You resume your meal.
 The gnome picks up a leather armor.
 You stop eating the dwarf corpse.
 You lash the gnome.
 The gnome hits!
 You die...
 Do you want your possessions identified? [ynq] (y) y
 Do you want to see your attributes? [ynq] (y) y
 Do you want an account of creatures vanquished? [ynaq] (y) n
 Do you want to see your conduct and achievements? [ynq] (y) y
 Do you want to see the dungeon overview? [ynq] (y) n

Inventory:
 Coins    ('$')
  $ - 20 gold pieces
 Weapons  (')')
  C - 3 blessed +0 crossbow bolts (in quiver pouch)
  E - 8 +0 crossbow bolts
  j - 6 +0 darts
  F - a blessed +2 dagger
  D - a +0 dagger
  a - a burnt +2 bullwhip (weapon in right hand)
 Armor    ('[')
  w - an uncursed +0 dwarvish iron helm (being worn)
  A - a cursed -1 pair of gauntlets of fumbling
  h - an uncursed +0 leather jacket (being worn)
 Comestibles  ('%')
  l - 2 uncursed cram rations
  d - 2 uncursed food rations
 Scrolls  ('?')
  y - a blessed scroll of teleportation
 Potions  ('!')
  x - an uncursed potion of healing
  v - an uncursed potion of oil
 Rings    ('=')
  q - an uncursed ring of stealth (on left hand)
 Wands    ('/')
  o - a wand of digging (0:7)
  r - a wand of digging (0:4)
  k - a wand of sleep (0:5)
 Tools    ('(')
  b - an uncursed sack containing 10 items
  f - a tinning kit (0:73)
 Gems/Stones  ('*')
  g - an uncursed touchstone

Contents of the sack:
  253 gold pieces
  an uncursed scroll of enchant armor
  a blessed scroll of food detection
  2 uncursed scrolls of light
  a cursed scroll of scare monster
  an uncursed potion of booze
  a cursed potion of enlightenment
  2 cursed potions of healing
  an uncursed potion of object detection
  a +0 pick-axe

LDaviesPeters the Archeologist's attributes:

Background:
 You were a Field Worker, a level 5 female human Archeologist.
 You were neutral, on a mission for Camaxtli
 who was opposed by Quetzalcoatl (lawful) and Huhetotl (chaotic).
 You were right-handed.
 You were in the Gnomish Mines, on level 3.
 You entered the dungeon 4757 turns ago.
 You had 294 experience points, 26 more were needed to attain level 6.

Basics:
 You had 0 out of 35 hit points.
 You had all 30 energy points (spell power).
 Your armor class was 7.
 Your wallet contained 20 zorkmids, and
 you had 253 more stashed away in your pack.
 Autopickup was off.

Final Characteristics:
 Your strength was 13 (limit:18/100).
 Your dexterity was 10 (limit:18).
 Your constitution was 13 (limit:18).
 Your intelligence was 16 (limit:18).
 Your wisdom was 16 (limit:18).
 Your charisma was 11 (limit:18).

Final Status:
 You weren't hungry.
 You were unencumbered.
 You were wielding a whip.
 You were skilled in whip.

Final Attributes:
 You were piously aligned.
 You had automatic searching.
 You were stealthy.
 You are dead.

Miscellaneous:
 You didn't encounter any bones levels.
 Total elapsed playing time was 36 minutes and 21 seconds.

Major events:
 Turn
    1: LDaviesPeters the neutral female human Archeologist entered the dungeon
  409: entered the Gnomish Mines
 2440: attained the rank of Field Worker (level 3)
 4757: killed by a gnome

You didn't know any spells.

Skills:
 Fighting Skills
   bare handed combat [Unskilled]
   two weapon combat  [Unskilled]
   riding             [Unskilled]
 Weapon Skills
   dagger             [Unskilled]
   knife              [Unskilled]
   pick-axe           [Basic]
   short sword        [Unskilled]
   saber              [Unskilled]
   club               [Unskilled]
   quarterstaff       [Unskilled]
   sling              [Unskilled]
   dart               [Unskilled]
   boomerang          [Unskilled]
   whip               [Skilled]
   unicorn horn       [Unskilled]
 Spellcasting Skills
   attack spells      [Unskilled]
   healing spells     [Unskilled]
   divination spells  [Unskilled]
   matter spells      [Unskilled]

Voluntary challenges:
 Character rerolling was not enabled.
 You never genocided any monsters.
 You never polymorphed an object.
 You never changed form.
 You used no wishes.
Achievements:
 You entered the Gnomish Mines.
 You entered a shop.
 You attained the rank of Field Worker.

 The Dungeons of Doom: levels 1 to 8
    Level 1:
       A sink, a grave.
    Level 2:
       A potion shop.
       Stairs down to The Gnomish Mines.
    Level 3:
       A potion shop, an altar to Camaxtli, a sink.
    Level 4:
       An altar.
    Level 5:
       Some fountains.
    Level 6:
       An armor shop, a fountain.
    Level 7:
       A fountain.
    Level 8:
 The Gnomish Mines:
    Level 3: <- You were here.
       Final resting place for
          you, killed by a gnome.


Vanquished creatures:
  a rock mole
  a yellow light
  a gnome leader
  a kobold mummy
  a kitten
  2 dwarves
  a homunculus
  a kobold leader
  a kobold shaman
  a giant bat
 an iguana
  a coyote
  a hobbit
  a large kobold
  3 hobgoblins
  a giant rat
  3 brown molds
  a yellow mold
  a red mold
  8 gnomes
  2 gnome zombies
  5 geckos
  9 jackals
  2 kobolds
  4 goblins
  4 grid bugs
  a bat
  4 lichens
  a kobold zombie
  7 newts
71 creatures vanquished.

No species were genocided or became extinct.

Game over:
                       ----------
                      /          \
                     /    REST    \
                    /      IN      \
                   /     PEACE      \
                  /                  \
                  |  LDaviesPeters   |
                  |      273 Au      |
                  |   killed by a    |
                  |      gnome       |
                  |                  |
                  |                  |
                  |       2026       |
                 *|     *  *  *      | *
        _________)/\\_//(\/(/\)/\//\/|_)_______

Goodbye LDaviesPeters the Archeologist...

You died in The Gnomish Mines on dungeon level 3 with 1792 points,
and 273 pieces of gold, after 4757 moves.
You were level 5 with a maximum of 35 hit points when you died.

